 Dungeon Crawl Stone Soup version 0.27-a0-789-g6bb3289e1e (webtiles) character file.

Game seed: 13281902848187844698

5 Lanoc the Insei (level 1, 0/16 HPs)
             Began as a Vampire Wanderer on Mar 26, 2021.
             Slain by a hobgoblin (1 damage)
             ... on level 1 of the Dungeon.
             The game lasted 00:00:38 (56 turns).

Lanoc the Insei (Vampire Wanderer)                    Turns: 56, Time: 00:00:38

Health: 0/16       AC:  2    Str: 11    XL:     1   Next: 66%
Magic:  1/1        EV: 11    Int: 15    God:
Gold:   0          SH:  0    Dex: 12    Spells: 0/0 levels left

rFire    . . .     SeeInvis +   a - +2 mace
rCold    . . .     Faith    .   (no shield)
rNeg     . . .     Spirit   .   d - +0 robe
rPois    .         Reflect  .   (no helmet)
rElec    .         Harm     .   (no cloak)
rCorr    .         Rampage  .   (no gloves)
Will     .....                  (no boots)
Stlth    ++........             (no amulet)
HPRegen  0.25/turn              (no ring)
MPRegen  0.07/turn              (no ring)

@: regenerating quickly
A: alive, fangs 3, see invisible, unbreathing 1, vampiric 1
a: Exsanguinate


You were on level 1 of the Dungeon.
You visited 1 branch of the dungeon, and saw 1 of its levels.

Inventory:

Hand Weapons
 a - a +2 mace (weapon)
Armour
 d - a +0 robe (worn)
Wands
 c - a wand of random effects (15) (quivered)
Scrolls
 b - a scroll of teleportation
Potions
 e - a potion of lignification {unknown}


   Skills:
 + Level 1.9 Fighting
 - Level 1.0 Maces & Flails
 - Level 1.5 Stealth
 * Level 5.6 Unarmed Combat
 - Level 1.0 Evocations


You couldn't memorise any spells.
You didn't know any spells.
Your spell library was empty.

Dungeon Overview and Level Annotations

Branches:
Dungeon (1/15)

Altars:


Innate Abilities, Weirdness & Mutations

Your natural rate of healing is unusually fast.
You have razor-sharp teeth.
You have supernaturally acute eyesight. (SInv)
You can survive without breathing.
You are afflicted with vampirism.


Message History

The giant cockroach bites you.
The giant cockroach bites you but does no damage.
You hit the giant cockroach but do no damage.
You bite the giant cockroach.
You kill the giant cockroach!
A hobgoblin comes into view.
The hobgoblin shouts!
A jackal and a hobgoblin come into view.
A jackal comes into view.
The jackal barks!
You hit the kobold but do no damage.
The kobold hits you with a +0 short sword.
The kobold barely misses you.
You hit the kobold.
The kobold is severely wounded.
The kobold hits you with a +0 short sword.
You sock the kobold!
You kill the kobold!
A jackal comes into view.
The hobgoblin barely misses you. The jackal barely misses you.
The hobgoblin barely misses you.
You hit the jackal but do no damage. The jackal barely misses you.
A hobgoblin comes into view.
The hobgoblin hits you. The jackal bites you.
* * * LOW HITPOINT WARNING * * *
The jackal misses you.
You are too injured to fight recklessly!
You are too injured to fight recklessly!
The jackal closely misses you.
A jackal comes into view.
The jackal barely misses you. The jackal barely misses you.
The hobgoblin hits you but does no damage.
The jackal barely misses you. The jackal bites you.
* * * LOW HITPOINT WARNING * * *
The jackal bites you.
* * * LOW HITPOINT WARNING * * *
The hobgoblin hits you.
You die...

#..#### #.... #...##.###
##########...# #÷..##.#..
####.......[....#
.....#...#####..........).#
.....##........†##...g....#
.....∩#..........#..$.....#
.....∩#...................#.
.....∩#.........gh............
÷.....##.......h@hh...........
.....#...######.##g..........#
..............####..........##
.÷...#∩∩.##..∩# ##.##...#..#
.....###÷# .## #...##.....
.÷... ... # ###. ..... .....
.... .. ... ..... ..... .. ...
.......


You could see 4 jackals and 3 hobgoblins.

Vanquished Creatures
  A dart slug (D:1)
  A giant cockroach (D:1)
  A ball python (D:1)
  A kobold (D:1)
4 creatures vanquished.

Notes
Turn   | Place    | Note
-------+----------+-------------------------------------------
     0 | D:1      | Lanoc the Vampire Wanderer began the quest for the Orb.
     0 | D:1      | Lanoc set off with the following items: a +2 mace, a scroll
                  | of teleportation, a wand of random effects (15), a +0 robe
     0 | D:1      | Reached XP level 1. HP: 16/16 MP: 1/1
    56 | D:1      | Slain by a hobgoblin

Illustrated notes

Levels and vault maps discovered:
D:1:      amcnicky_arrival_abandoned_market, layout_rooms, lemuel_old_faithful

Action                   || total
-------------------------++-------
Melee: Mace              ||    10
       Bite              ||     1
Armor: Robe              ||     2
Dodge: Dodged            ||    10

Table legend: (Time is in decaauts)
 A = Elapsed time spent in this place.
 B = Non-inter-level travel time spent in this place.
 C = Inter-level travel time spent in this place.
 D = Time resting spent in this place.
 E = Time spent auto-exploring this place.
 F = Levels seen in this place.
 G = Mean time per level.
                   A        B        C        D        E       F      G
               +--------+--------+--------+--------+--------+-----+--------+
         Total |     59 |     59 |      0 |      0 |     24 |   1 |   59.0 |
       Dungeon |     59 |     59 |      0 |      0 |     24 |   1 |   59.0 |
               +--------+--------+--------+--------+--------+-----+--------+

Top non-repeatable levels by time:
     D:1: 59 daAuts
